 Dungeon Crawl Stone Soup version 0.20-a0-550-gf70bbbc (webtiles) character file.

4239 Firecrotchwizard the Arsonist (level 10, 0/50 HPs)
             Began as a Deep Elf Fire Elementalist on Feb 2, 2017.
             Was a Believer of Vehumet.
             Succumbed to a hornet's poison
             ... on level 8 of the Dungeon.
             The game lasted 00:35:54 (10078 turns).

Firecrotchwizard the Arsonist (DEFE)               Turns: 10078, Time: 00:35:54

Health: 0/50       AC:  4    Str:  5    XL:     10   Next: 9%
Magic:  16/24      EV: 13    Int: 29    God:    Vehumet [**....]
Gold:   389        SH:  5    Dex: 15    Spells: 12/26 levels left

rFire    . . .     SeeInvis .   v - +0 whip (freeze)
rCold    . . .     Gourm    .   a - +0 robe
rNeg     . . .     Faith    .   y - +0 buckler
rPois    .         Spirit   .   (no helmet)
rElec    .         Reflect  .   (no cloak)
rCorr    .         Harm     .   q - +0 pair of gloves
MR       +....                  G - +0 pair of boots
Stlth    ++........             (no amulet)
Regen    0.2/turn               (no ring)
                                j - +5 ring of intelligence

@: lethally poisoned (0 -> -22), slowed, very slow
A: no striking features
a: Renounce Religion


You were on level 8 of the Dungeon.
You worshipped Vehumet.
Vehumet was pleased with you.
You were not hungry.

You visited 1 branch of the dungeon, and saw 8 of its levels.

You collected 389 gold pieces.

Inventory:

Hand Weapons
 e - a +0 whip of flaming
 k - a +2 dagger of draining
 v - a +0 whip of freezing (weapon)
 L - a +0 blowgun
Missiles
 E - 3 javelins (quivered)
Armour
 a - a +0 robe (worn)
 q - a +0 pair of gloves (worn)
 w - a +0 shield of reflection
 y - a +0 buckler (worn)
 G - a +0 pair of boots (worn)
Jewellery
 j - a +5 ring of intelligence (left hand)
 P - an uncursed amulet of guardian spirit {unknown}
Wands
 z - a wand of lightning (6/15)
 C - a wand of digging (16/24)
 M - a wand of flame (21/48)
Scrolls
 d - 3 scrolls of enchant weapon
 n - 2 scrolls of immolation
 o - 3 scrolls of remove curse
 t - a scroll of recharging
 H - 2 scrolls of fear
 J - 2 scrolls of identify
 O - 2 scrolls of vulnerability {unknown}
Potions
 f - a potion of brilliance {unknown}
 g - a potion of agility
 h - 2 potions of berserk rage
 i - 2 potions of haste {unknown}
 l - a potion of cure mutation {unknown}
 m - 4 potions of lignification {unknown}
 r - 2 potions of might {unknown}
 s - 4 potions of flight {unknown}
 u - 2 potions of invisibility {unknown}
 A - 3 potions of heal wounds {unknown}
 B - 2 potions of curing {unknown}
 D - a potion of mutation {unknown}
 F - 2 potions of magic {unknown}
 K - 2 potions of cancellation {unknown}
 N - a potion of degeneration {unknown}
Books
 b - a book of Flames

   Spells                             Type                      Level
   a - Flame Tongue                   Conjuration/Fire             1
   b - Throw Flame                    Conjuration/Fire             2
   c - Conjure Flame                  Conjuration/Fire             3
   d - Inner Flame                    Hexes/Fire                   3
   e - Sticky Flame                   Conjuration/Fire             4
   f - Fireball                       Conjuration/Fire             5
 x - a book of Conjurations

   Spells                             Type                      Level
   a - Magic Dart                     Conjuration                  1
   b - Searing Ray                    Conjuration                  2
   c - Dazzling Spray                 Conjuration/Hexes            3
   d - Fulminant Prism                Conjuration/Hexes            4
   e - Iskenderun's Mystic Blast      Conjuration                  4
   f - Iskenderun's Battlesphere      Conjuration/Charms           5
Comestibles
 c - 3 bread rations
 p - 4 meat rations
 I - 24 fruits
 Q - 5 chunks of flesh


   Skills:
 - Level 0.2 Short Blades
 - Level 2.4 Dodging
 - Level 2.4 Stealth
 - Level 3.0 Shields
 + Level 8.7 Spellcasting
 * Level 10.1 Conjurations
 * Level 10.1 Fire Magic


You had 12 spell levels left.
You knew the following spells:

 Your Spells              Type           Power        Failure   Level  Hunger
a - Flame Tongue          Conj/Fire      #####        1%          1    None
b - Conjure Flame         Conj/Fire      ######..     1%          3    None
c - Sticky Flame          Conj/Fire      ######..     1%          4    None
d - Magic Dart            Conj           ####         1%          1    None
e - Fireball              Conj/Fire      ######....   1%          5    ####...


Dungeon Overview and Level Annotations

Branches:
Dungeon (8/15)             Temple (0/1) D:5
   Lair: D:8-11

Altars:
Fedhas
Gozag
Okawaru
Vehumet

Shops:
D:4 !   D:5 *

Annotations:
D:3 GlasyaLabolas's ghost, amateur MiMo; Grinder
D:8 Chudwraith's ghost, novice TrWz


Message History

The hornet buzzes angrily.
The hornet is covered in liquid flames!
The hornet burns!
The hornet stings you!
You are poisoned.
You suddenly lose the ability to move!
You feel sick.
The hornet burns!
The hornet stings you.
You are more poisoned.
You feel yourself slow down. The hornet stings you!
* * * LOW HITPOINT WARNING * * *
You are more poisoned.
You feel as though you will be slow longer.
You can move again.
Casting: Sticky Flame
Confirm with . or Enter, or press ? or * to list all spells.
Aiming: Sticky Flame
Press: ? - help, Shift-Dir - straight line, f/p - hornet
Aim: a hornet (heavily wounded, covered in liquid flames)
The sticky flame hits the hornet.
The hornet is heavily wounded.
You die...

#.#.#####.#
(......## ##.##
#.# #........
W..# #.#
#.#W.#.# ##.#
#.# #...... #.#
#.# #..... ..#
#.# #...# ####
####.##### #..#
#........#####.#
#.##....).(@y.##
#.#######.####.#
#.# #.####..#
#.# #<.....#.#
#.# #########.#
#.# .# #.# # #.#
#.#


You could see a hornet (burning).

Vanquished Creatures
  A two-headed ogre (D:8)
  Joseph (D:8)
  2 hippogriffs
  Eustachio (D:4)
  Menkaure (D:7)
  3 orc warriors
  A sky beast (D:5)
  2 phantoms
  2 ogres (D:7)
  2 centaurs
  A big kobold (D:8)
  4 bullfrogs
  4 scorpions
  3 crimson imps
  4 hounds
  2 bullfrog zombies
  9 orc wizards
  A quasit (D:6)
  8 orc priests
  2 bullfrog skeletons
  4 iguanas
  6 worker ants
  A hound skeleton (D:7)
  A worker ant zombie (D:5)
  3 adders
  An ooze (D:1)
  An adder skeleton (D:4)
  6 worms
  4 dart slugs
  4 leopard geckos
  25 orcs
  6 giant cockroaches
  10 hobgoblins
  5 jackals
  5 quokkas
  A ball python (D:3)
  11 bats
  5 frilled lizards
  11 goblins
  9 kobolds
  A leopard gecko skeleton (D:3)
  A leopard gecko zombie (D:5)
  10 rats
185 creatures vanquished.

Notes
Turn   | Place    | Note
-------+----------+-------------------------------------------
     0 | D:1      | Firecrotchwizard the Deep Elf Fire Elementalist began the quest for the Orb.
     0 | D:1      | Reached XP level 1. HP: 10/10 MP: 6/6
   348 | D:1      | Reached XP level 2. HP: 9/15 MP: 1/8
   984 | D:1      | Reached XP level 3. HP: 19/19 MP: 7/9
  1647 | D:1      | Learned a level 3 spell: Conjure Flame
  1699 | D:2      | Found an iron altar of Okawaru.
  1946 | D:2      | Reached XP level 4. HP: 24/24 MP: 8/11
  1955 | D:2      | Learned a level 4 spell: Sticky Flame
  2533 | D:3      | Learned a level 1 spell: Magic Dart
  2575 | D:3      | Noticed Grinder
  2616 | D:3      | Noticed GlasyaLabolas's ghost (amateur MiMo)
  3005 | D:3      | Reached XP level 5. HP: 10/28 MP: 1/13
  3634 | D:4      | Found Rudivobe's Distillery.
  3663 | D:4      | Noticed Eustachio
  4136 | D:4      | Reached skill level 1 in Shields
  4223 | D:4      | Noticed a phantom
  4268 | D:4      | Killed a phantom
  4268 | D:4      | Reached XP level 6. HP: 26/32 MP: 1/15
  4412 | D:4      | Found an opulent altar of Gozag.
  4417 | D:4      | Found a radiant altar of Vehumet.
  4423 | D:4      | Became a worshipper of Vehumet
  4622 | D:4      | Reached skill level 5 in Spellcasting
  4622 | D:4      | Reached skill level 5 in Fire Magic
  4651 | D:4      | Killed Eustachio
  4651 | D:4      | Reached XP level 7. HP: 27/36 MP: 2/17
  4799 | D:4      | Reached skill level 5 in Conjurations
  5349 | D:5      | Entered Level 5 of the Dungeon
  5410 | D:5      | Learned a level 5 spell: Fireball
  5638 | D:5      | Reached * piety under Vehumet
  5638 | D:5      | Offered knowledge of Shock by Vehumet.
  5830 | D:5      | Found Hempeuh's General Store.
  6144 | D:5      | Reached XP level 8. HP: 32/41 MP: 11/18
  6407 | D:5      | Found a staircase to the Ecumenical Temple.
  7350 | D:6      | Offered knowledge of Throw Frost by Vehumet.
  7405 | D:6      | Reached ** piety under Vehumet
  7477 | D:7      | Noticed a hippogriff
  7794 | D:6      | Reached XP level 9. HP: 45/45 MP: 13/21
  7896 | D:7      | Noticed Menkaure
  7898 | D:7      | Killed Menkaure
  8653 | D:8      | Noticed Chudwraith's ghost (novice TrWz)
  9261 | D:8      | Found a blossoming altar of Fedhas.
  9647 | D:8      | Noticed a two-headed ogre
  9650 | D:8      | Killed a two-headed ogre
  9789 | D:8      | Offered knowledge of Stone Arrow by Vehumet.
  9794 | D:8      | Noticed Joseph
  9821 | D:8      | Killed Joseph
  9821 | D:8      | Reached skill level 10 in Conjurations
  9821 | D:8      | Reached skill level 10 in Fire Magic
  9821 | D:8      | Reached XP level 10. HP: 19/50 MP: 6/24
 10076 | D:8      | Paralysed by a hornet for 2 turns
 10078 | D:8      | Succumbed to a hornet's poison

Vault maps used:
D:1:      dpeg_arrival_pits, minmay_misc_feat_rows
D:2:      okawaru_trees_1
D:3:      kennysheep_big_flooded_room, lemuel_doored_altar, uniq_grinder
D:4:      minitemple, serial_shops, nicolae_shop_window_shopping, uniq_eustachio
D:5:      minmay_temple_entry_poolview, serial_shops, shop, first_bread
D:7:      uniq_menkaure
D:8:      enter_ossuary_3, serial_shops, nicolae_shop_trees,
          blue_anna_alchemist, minmay_misc_feat_five,
          fedhas_bush_and_centaur_altar, uniq_pikel, uniq_joseph

Skill      XL: |  1  2  3  4  5  6  7  8  9 |
---------------+----------------------------+-----
Fire Magic     | 4 5 7 10 | 10.1
Conjurations   | 2 3 4 6 8 10 | 10.1
Spellcasting   | 4 5 7 8 |  8.7
Shields        | 1 2 3 |  3.0
Short Blades   | |  0.2
Dodging        | |  2.4
Stealth        | |  2.4

Action                   |  1- 3 |  4- 6 |  7- 9 | 10-12 || total
-------------------------+-------+-------+-------+-------++-------
Melee: Whip              |    13 |       |       |       ||    13
       Dagger            |    15 |     6 |     7 |       ||    28
 Cast: Flame Tongue      |    76 |    93 |   173 |     3 ||   345
       Magic Dart        |       |     2 |    34 |       ||    36
       Sticky Flame      |       |    10 |    37 |     6 ||    53
       Fireball          |       |       |    10 |       ||    10
  Use: Scroll            |       |       |    12 |       ||    12
 Stab: Sleeping          |     2 |       |       |       ||     2
  Eat: Chunk             |     3 |     5 |     8 |       ||    16
       Meat ration       |       |     1 |       |       ||     1
       Fruit             |       |     1 |       |       ||     1
       Bread ration      |       |       |     1 |       ||     1
       Royal jelly       |       |       |     3 |       ||     3
Armor: Robe              |    12 |     7 |     8 |       ||    27
Dodge: Dodged            |    44 |    36 |    33 |     3 ||   116
Block: Buckler           |       |       |     8 |       ||     8
